Map: Dash and Terminal LE (Void)

Players

Senpai

  • Race: Zerg Zerg
  • League: Bronze

wabbajack - Winner!

  • Race: Zerg Zerg
  • League: Gold

VOD

Have the link to the VOD?

Description

Time

  • Played on: July 17, 2015, 2:25 p.m.
  • Length: 13:12
Show
View Real Time Build Order
Export as new Build Order

Senpai Zerg 

Build Orders: Pool First 

Get SALT Encoding   

  12  0:02  Drone  
  13  0:08  Drone  
  14  0:26  Spawning Pool  
  13  0:32  Drone, Extractor  
  13  0:38  Drone  
  14  0:45  Overlord  
  14  1:01  Overlord  
  14  1:05  Drone  
  14  1:06  Drone  
  16  1:16  Drone  
  17  1:36  Hatchery  
  16  1:41  Drone x2  
  18  1:53  Drone  
  19  1:55  Metabolic Boost  
  19  2:04  Evolution Chamber, Drone  
  19  2:15  Queen  
  21  2:27  Drone x2  
  23  2:38  Zergling x2  
  23  2:40  Zerg Melee Weapons Level 1  
  24  2:51  Drone x2  
  26  2:57  Zergling x2  
  27  3:01  Zergling x2  
  28  3:12  Zergling x4  
  30  3:15  Queen  
  30  3:17  Overlord  
  32  3:26  Zergling x8  
  36  3:33  Overlord x2  
  33  3:50  Zergling x6  
  36  4:01  Zergling x4  
  38  4:08  Baneling Nest  
  33  4:20  Roach Warren  
  30  4:25  Spine Crawler  
  30  4:27  Spine Crawler  
  30  4:30  Queen  
  30  5:00  Roach x9  
  48  5:26  Roach x2  
  48  5:27  Roach x3  
  58  5:32  Baneling  
  58  5:33  Baneling x4  
  39  6:06  Lair  
  39  6:07  Zergling x4  
  39  6:08  Zergling x12  
  37  6:22  Zergling x2  
  37  6:23  Zergling x4  
  29  6:38  Drone x7  
  35  6:54  Extractor  
  34  6:56  Extractor  
  34  6:57  Zerg Missile Weapons Level 1  
  34  7:01  Evolution Chamber, Drone x2  
  34  7:15  Drone x5  
  39  7:31  Hatchery  
  38  7:44  Roach  
  38  7:45  Roach x3  
  46  7:57  Drone x6  
  52  8:09  Overlord  
  52  8:24  Overlord x3  
  52  8:26  Queen  
  54  8:32  Overseer  
  54  8:34  Overseer  
  54  8:48  Roach x6  
  66  8:49  Roach  
  66  8:51  Ravager x2  
  70  8:56  Drone x3  
  69  9:24  Drone  
  69  9:25  Drone x11  
  78  9:36  Overlord x2  
  78  9:39  Drone x2  
  78  9:40  Queen  
  82  9:47  Overlord x2  
  82  9:52  Zerg Ground Armor Level 1  
  82  9:55  Zerg Missile Weapons Level 2  
  82  9:59  Glial Reconstitution  
  82  10:03  Extractor  
  82  10:04  Extractor  
  80  10:23  Roach x8  
  96  10:30  Hatchery  
  97  10:43  Roach x8  
  111  10:52  Pneumatized Carapace  
  111  10:57  Overlord x3  
  111  11:22  Roach x7  
  111  11:23  Roach x2  
  129  11:38  Overlord x3  
  129  11:39  Overlord  
  129  11:51  Roach x3  
  135  12:00  Drone x5  
  135  12:01  Hydralisk Den  
  139  12:13  Roach x4  
  139  12:15  Spine Crawler  
  146  12:21  Extractor  
  123  12:49  Roach  
  123  12:50  Roach x10  
Show
View Real Time Build Order
Export as new Build Order

wabbajack Zerg - Winner!

Build Orders: Hatch First, Lurkers 

Get SALT Encoding   

  12  0:01  Drone  
  13  0:15  Overlord  
  13  0:32  Drone  
  14  0:37  Drone x2  
  16  0:55  Hatchery  
  15  1:01  Drone  
  15  1:02  Drone  
  17  1:15  Spawning Pool  
  16  1:21  Drone  
  16  1:22  Extractor  
  16  1:23  Drone  
  17  1:27  Drone  
  18  1:37  Drone  
  19  1:48  Overlord  
  19  2:02  Queen  
  19  2:07  Queen  
  23  2:11  Drone x3  
  26  2:20  Drone x2  
  28  2:27  Spine Crawler  
  28  2:29  Drone  
  28  2:33  Drone  
  29  2:42  Drone x2  
  29  2:43  Spine Crawler  
  30  2:57  Roach Warren  
  29  3:08  Overlord x2  
  29  3:13  Drone  
  30  3:40  Overlord  
  30  3:47  Queen  
  30  3:51  Roach x8  
  46  4:00  Metabolic Boost  
  46  4:05  Roach  
  46  4:06  Roach x2  
  52  4:29  Roach  
  52  4:30  Roach  
  56  4:35  Roach  
  56  4:36  Overlord  
  56  4:37  Overlord  
  58  4:41  Overlord  
  58  5:01  Zergling x2  
  58  5:02  Zergling x28  
  73  5:20  Hatchery  
  72  5:30  Ravager  
  72  5:31  Ravager  
  74  5:38  Queen  
  74  5:39  Overlord  
  74  5:40  Zergling x8  
  31  6:52  Drone x2  
  33  7:02  Roach x2  
  33  7:03  Roach x7  
  33  7:04  Roach  
  33  7:05  Drone  
  33  7:06  Drone x6  
  60  7:18  Hatchery  
  60  7:19  Extractor  
  58  7:23  Evolution Chamber  
  58  7:27  Evolution Chamber  
  56  7:32  Drone  
  56  7:33  Drone  
  56  7:34  Drone x8  
  56  7:35  Drone x4  
  70  7:42  Lair  
  70  7:53  Extractor  
  70  7:55  Extractor  
  70  7:57  Drone x2  
  70  7:59  Drone  
  70  8:04  Extractor  
  70  8:05  Extractor  
  70  8:06  Drone x3  
  70  8:07  Drone x3  
  70  8:09  Drone x3  
  70  8:12  Drone x3  
  81  8:14  Overlord  
  81  8:22  Zerg Missile Weapons Level 1  
  81  8:26  Zerg Ground Armor Level 1  
  81  8:30  Drone x2  
  81  8:33  Drone x4  
  87  8:37  Spine Crawler  
  87  8:39  Spore Crawler  
  87  8:40  Drone x2, Spine Crawler  
  86  8:47  Queen  
  88  8:59  Glial Reconstitution  
  88  9:02  Hydralisk Den  
  87  9:04  Burrow  
  87  9:06  Roach x6  
  99  9:28  Queen  
  99  9:30  Overlord x4, Lurker Den  
  101  9:41  Spine Crawler x2  
  99  9:46  Hydralisk x2  
  99  9:50  Hydralisk x6  
  115  9:56  Overlord x2  
  115  10:17  Tunneling Claws  
  115  10:18  Zerg Missile Weapons Level 2  
  115  10:21  Zerg Ground Armor Level 2  
  115  10:23  Hydralisk x5  
  125  10:55  Hatchery  
  124  10:58  Muscular Augments  
  124  10:59  Hydralisk x2  
  124  11:00  Hydralisk x3, Roach x5  
  124  11:03  Overlord  
  144  11:13  Ravager  
  145  11:30  Lurker x5  
  151  11:32  Lurker  
  151  11:33  Overlord  
  151  11:34  Overlord x4  
  151  11:46  Infestation Pit  
  150  11:51  Drone x4  
  154  12:00  Extractor  
  154  12:01  Extractor  
  152  12:02  Drone x3  
  152  12:03  Drone x3  
  158  12:09  Roach x19  
  158  12:14  Pneumatized Carapace  
  158  12:16  Overseer x3  
  158  12:18  Hydralisk x2  
  158  12:19  Hydralisk x3, Roach x4  
  158  12:20  Roach x4  
  184  12:27  Roach x7  
Tags
 
Add a new tag
Caveats
  • Supply blocks, unpowered buildings, or Contaminate may cause inaccurate times.
  • Supply counts are checked every 10 seconds.